 Dungeon Crawl Stone Soup version 0.30-a0-782-ge64f9170bb (webtiles) character file.

Game seed: 11431912449175697823

35931 funkygono the Severer (level 13, 0/119 HPs)
             Began as a Minotaur Fighter on Mar 15, 2023.
             Was a High Priest of Okawaru.
             Slain by a 17-headed hydra (1 damage)
             ... on level 5 of the Lair of Beasts.
             The game lasted 00:36:09 (15393 turns).

funkygono the Severer (Minotaur Fighter)           Turns: 15393, Time: 00:36:10

Health: 0/119      AC: 27    Str: 26    XL:     13   Next: 50%
Magic:  13/13      EV: 10    Int:  5    God:    Okawaru [*****.]
Gold:   2070       SH:  6    Dex: 10    Spells: 12/12 levels left

rFire   . . .      SeeInvis .    a - +1 war axe (venom)
rCold   + . .      Faith    .    c - +0 buckler
rNeg    . . .      Spirit   .    q - +0 chain mail
rPois   .          Reflect  .    Q - +1 hat {Will+}
rElec   .          Harm     .    G - +2 cloak
rCorr   .          Rampage  .    m - +1 pair of gloves
Will    +....                    i - +2 pair of boots Stlth
                                 p - amulet of magic regeneration
HPRegen 0.39/turn                A - +4 ring of protection
MPRegen 0.53/turn                y - ring of protection from cold

@: studying 2 skills
A: horns 2, retaliatory headbutt
a: Renounce Religion, Heroism, Finesse, Duel


You were on level 5 of the Lair of Beasts.
You worshipped Okawaru.
Okawaru was extremely pleased with you.
You visited 2 branches of the dungeon, and saw 15 of its levels.
You also visited: Bailey.

You collected 2574 gold pieces.
You spent 504 gold pieces at shops.

Inventory:

Hand Weapons
 a - a +1 war axe of venom (weapon)
 C - a +3 hand axe
 D - the +9 staff of Olgreb {rPois∞}
   (You found it on level 6 of the Dungeon)

   It enhances your poison magic.
   It grants immunity to poison.
   It can be activated via the 'a'bility menu to radiate toxic energy, with
   effectiveness depending on Evocations skill.
Missiles
 b - 25 poisoned darts
 v - 2 silver boomerangs
 w - 16 boomerangs (quivered)
 P - 2 javelins
Armour
 c - a +0 buckler (worn)
 e - a +1 robe of cold resistance
 i - a +2 pair of boots (worn)
 m - a +1 pair of gloves (worn)
 q - a +0 chain mail (worn)
 E - +0 swamp dragon scales
 G - a +2 cloak (worn)
 J - the +0 hat of Thoughtfulness {+Inv rF+}
   (You acquired it on level 10 of the Dungeon)

   rF:        It protects you from fire.
   +Inv:      It lets you turn invisible.
 O - a +2 troll leather armour {Snorg}
 Q - a +1 hat of willpower (worn)
Jewellery
 p - an amulet of magic regeneration (around neck)
 y - a ring of protection from cold (right hand)
 A - a +4 ring of protection (left hand)
 S - a ring of wizardry
Wands
 h - a wand of light (13)
 u - a wand of mindburst (3)
 F - a wand of flame (23)
 H - a wand of polymorph (6)
 I - a wand of roots (12)
Scrolls
 k - 3 scrolls of amnesia
 l - 6 scrolls of teleportation
 o - 2 scrolls of magic mapping
 s - 2 scrolls of fear
 B - a scroll of blinking
 L - a scroll of brand weapon
 N - a scroll of fog
Potions
 d - 3 potions of might
 f - a potion of resistance
 g - 3 potions of invisibility
 j - 3 potions of flight
 n - 4 potions of mutation
 r - 6 potions of heal wounds
 t - 4 potions of curing
 x - a potion of brilliance
 z - a potion of degeneration {unknown}
 K - a potion of attraction {unknown}
 M - a potion of experience {unknown}
 T - a potion of cancellation {unknown}


   Skills:
 + Level 12.5 Fighting
 + Level 17.6 Axes
 + Level 2.5 Throwing
 + Level 13.8 Armour
 + Level 5.6 Dodging
 + Level 2.5 Stealth
 + Level 9.5 Shields
 + Level 2.5 Invocations
 + Level 1.0 Evocations


You had 12 spell levels left.
You didn't know any spells.
Your spell library contained the following spells:

 Spells                   Type           Power      Damage    Failure   Level
 Apportation              Tloc           0%         N/A       95%         1
 Beastly Appendage        Tmut           0%         N/A       95%         1
 Necrotise                Necr           0%         1d4       95%         1
 Wereblood                Tmut           0%         N/A       98%         2
 Frozen Ramparts          Ice            0%         1d1       100%        3
 Spider Form              Tmut/Pois      0%         N/A       100%        3
 Blade Hands              Tmut           0%         N/A       100%        5
 Freezing Cloud           Conj/Ice/Air   0%         6-21      100%        5
 Iron Shot                Conj/Erth      0%         9d1       100%        6
 Starburst                Conj/Fire      0%         6d3       100%        6
 Summon Small Mammal      Summ           Unusable   N/A       N/A         1
 Animate Armour           Summ/Erth      Unusable   N/A       N/A         4
 Summon Ice Beast         Ice/Summ       Unusable   N/A       N/A         4

Dungeon Overview and Level Annotations

Branches:
Dungeon (10/15)            Temple (0/1) D:7            Lair (5/5) D:10
 Shoals (0/4) Lair:2       Spider (0/4) Lair:3       Bailey (visited)
  Slime: Lair:4-5       Orc: D:9-12

Altars:
Ashenzari
Cheibriados
Elyvilon
Fedhas
Gozag
Kikubaaqudgha
Makhleb
Okawaru
Ru
Sif Muna
Trog
Uskayaw
Wu Jian
Yredelemnul
Zin

Shops:
D:6 [=:   D:8 [

Annotations:
D:3 1 runed translucent door
D:6 1 runed translucent door
Lair:4 2 transporters


Innate Abilities, Weirdness & Mutations

You have a pair of horns on your head.
You reflexively headbutt those who attack you in melee.


Message History

The 14-headed hydra is severely wounded.
The 14-headed hydra barely misses you. You block the 14-headed hydra's attack.
The 14-headed hydra bites you. The 14-headed hydra barely misses you.
You block the 14-headed hydra's attack. The 14-headed hydra barely misses you.
The 14-headed hydra bites you but does no damage. x2
The 14-headed hydra closely misses you. The 14-headed hydra bites you.
* * * LOW HITPOINT WARNING * * *
You block the 14-headed hydra's attack. The 14-headed hydra bites you!
* * * LOW HITPOINT WARNING * * *
The 14-headed hydra bites you but does no damage. x2
You chop one of the 14-headed hydra's heads off!
The 13-headed hydra grows two more!
You slice the 15-headed hydra!!
The 15-headed hydra is almost dead.
You hack one of the 15-headed hydra's heads off!
The 14-headed hydra grows two more!
You slash the 16-headed hydra!
The 16-headed hydra is almost dead.
The 16-headed hydra bites you but does no damage. x3
The 16-headed hydra closely misses you. The 16-headed hydra misses you.
The 16-headed hydra barely misses you.
The 16-headed hydra bites you but does no damage.
The 16-headed hydra bites you.
* * * LOW HITPOINT WARNING * * *
The 16-headed hydra bites you but does no damage.
The 16-headed hydra closely misses you. You block the 16-headed hydra's attack.
The 16-headed hydra barely misses you. The 16-headed hydra closely misses you.
You block the 16-headed hydra's attack.
The 16-headed hydra bites you but does no damage.
The 16-headed hydra bites you!
* * * LOW HITPOINT WARNING * * *
You hack one of the 16-headed hydra's heads off!
The 15-headed hydra grows two more!
You slash the 17-headed hydra!
The 17-headed hydra is almost dead.
The 17-headed hydra bites you but does no damage. x6
The 17-headed hydra bites you.
* * * LOW HITPOINT WARNING * * *
The 17-headed hydra bites you!
* * * LOW HITPOINT WARNING * * *
The 17-headed hydra bites you but does no damage. x4
The 17-headed hydra bites you.
You die...

...............†.......
..............÷.†#......
.................##.....
............P.P...##....
...........P.....P.####.
............÷.......÷.. #
#...<......##...P.....P.
.........D..##...........
.........@...##.....P.###
..............#.P.P.
...........†..##.÷.
...............##
.......††)......#
................#
...............##
...............#
[.............##


You could see a 17-headed hydra.

Vanquished Creatures
  Gastronok (Lair:3)
  Snorg (Lair:4)
  Fannar (Lair:1)
  2 hydras (Lair:3)
  A catoblepas (Lair:5)
  A centaur warrior (D:9)
  2 skysharks
  An orc knight (Bailey)
  2 black mambas
  4 elephants (Lair:5)
  Maggie (Lair:1)
  A torpor snail (Lair:4)
  13 cane toads
  4 rime drakes
  2 kobold demonologists (Bailey)
  An unseen horror (D:10)
  8 komodo dragons
  An efreet (D:9)
  A hornet (D:7)
  3 trolls (D:10)
  3 polar bears
  Prince Ribbit (Lair:1)
  20 blink frogs
  4 culicivoras (Lair:3)
  A vampire (D:10)
  A human (shapeshifter) (D:9)
  32 yaks
  2 redbacks (D:6)
  2 basilisks (Lair:4)
  A vampire mosquito (D:9)
  14 water moccasins
  9 orc warriors (Bailey)
  2 sky beasts
  3 black bears
  An ice beast (D:5)
  5 ogres
  3 centaurs
  9 wolves
  2 phantoms (D:5)
  9 bullfrogs
  3 necrophages
  5 scorpions (D:6)
  6 wights
  12 killer bees
  3 howler monkeys
  2 electric eels (Bailey)
  A lava snake (D:7)
  6 jellies
  3 orc priests
  Crazy Yiuf (D:7)
  A gnoll bouda (D:4)
  6 hounds
  3 iguanas
  Terence (D:3)
  9 orc wizards
  13 gnolls
  10 adders
  3 shadow imps
  2 ufetubi
  3 worms
  11 dart slugs
  41 orcs
  6 endoplasms
  5 giant cockroaches
  16 goblins
  12 hobgoblins
  3 jackals (D:1)
  7 quokkas
  6 ball pythons
  7 bats
  A frilled lizard (D:3)
  5 kobolds
  5 rats
393 creatures vanquished.

Vanquished Creatures (others)
  An orc priest (D:9)
  23 fungi
  19 plants
43 creatures vanquished.

Grand Total: 436 creatures vanquished

Notes
Turn   | Place    | Note
-------+----------+-------------------------------------------
     0 | D:1      | funkygono the Minotaur Fighter began the quest for the Orb.
     0 | D:1      | Reached XP level 1. HP: 19/19 MP: 0/0
   260 | D:1      | Found a faded altar of an unknown god.
   327 | D:1      | Reached XP level 2. HP: 25/27 MP: 1/1
   748 | D:2      | Reached skill level 3 in Axes
   748 | D:2      | Reached XP level 3. HP: 20/33 MP: 2/2
   999 | D:2      | Reached XP level 4. HP: 37/41 MP: 3/3
  1576 | D:3      | Reached skill level 4 in Axes
  1701 | D:3      | Reached XP level 5. HP: 47/47 MP: 4/4
  1930 | D:3      | Noticed Terence
  1942 | D:3      | Killed Terence
  1943 | D:3      | Reached skill level 1 in Dodging
  2078 | D:3      | Reached skill level 5 in Axes
  2078 | D:3      | Reached skill level 5 in Armour
  2118 | D:3      | Found a runed translucent door.
  2118 | D:3      | Noticed a human
  2119 | D:3      | Found a basalt altar of Yredelemnul.
  2295 | D:4      | Found a blossoming altar of Fedhas.
  2331 | D:4      | Reached XP level 6. HP: 46/53 MP: 5/5
  2411 | D:4      | Reached skill level 6 in Axes
  2430 | D:4      | Found an iron altar of Okawaru.
  2449 | D:4      | Became a worshipper of Warmaster Okawaru
  2666 | D:4      | Reached skill level 1 in Throwing
  3315 | D:5      | Entered Level 5 of the Dungeon
  3405 | D:5      | Reached XP level 7. HP: 57/60 MP: 6/6
  3412 | D:5      | Reached skill level 7 in Axes
  3496 | D:5      | Reached * piety under Okawaru
  3497 | D:5      | Noticed a yak
  3506 | D:5      | Killed a yak
  3532 | D:5      | Noticed a yak
  3532 | D:5      | Noticed a yak
  3532 | D:5      | Noticed a yak
  3543 | D:5      | Killed a yak
  3544 | D:5      | Reached skill level 5 in Fighting
  3544 | D:5      | Killed a yak
  3545 | D:5      | Reached skill level 8 in Axes
  3545 | D:5      | Reached XP level 8. HP: 8/68 MP: 7/7
  3805 | D:5      | Reached skill level 9 in Axes
  3813 | D:5      | Reached ** piety under Okawaru
  4434 | D:5      | Reached skill level 5 in Shields
  4490 | D:5      | Reached skill level 10 in Axes
  4776 | D:6      | Reached XP level 9. HP: 74/74 MP: 8/8
  4830 | D:6      | Found Toggap's Jewellery Shoppe.
  4832 | D:6      | Found a runed translucent gate.
  4879 | D:6      | Bought a +4 ring of protection for 504 gold pieces
  4965 | D:6      | Found Fotyqir's Book Boutique.
  5133 | D:6      | Found Karr's Antique Armour Shop.
  5377 | D:6      | Found a shimmering blue altar of Sif Muna.
  5388 | D:6      | Reached *** piety under Okawaru
  5397 | D:6      | Reached skill level 11 in Axes
  5423 | D:6      | Found the +9 staff of Olgreb {rPois∞}
  5427 | D:6      | Found a runed translucent door.
  5433 | D:6      | Found a runed translucent gate.
  5433 | D:6      | Found a runed translucent gate.
  5434 | D:6      | Found a runed translucent door.
  5683 | D:6      | Reached skill level 12 in Axes
  5685 | D:6      | Reached **** piety under Okawaru
  5686 | D:6      | Reached XP level 10. HP: 50/84 MP: 9/9
  6172 | D:7      | Found a staircase to the Ecumenical Temple.
  6217 | D:7      | Found a sacrificial altar of Ru.
  6402 | D:7      | Received a gift from Okawaru
  6432 | D:7      | Found a runed translucent door.
  6433 | D:7      | Noticed Crazy Yiuf
  6724 | D:7      | Killed Crazy Yiuf
  6767 | D:8      | Found a bloodstained altar of Trog.
  6767 | D:8      | Found an ancient bone altar of Kikubaaqudgha.
  6768 | D:8      | Found a snail-covered altar of Cheibriados.
  6769 | D:8      | Found a burning altar of Makhleb.
  6838 | D:8      | Found Beidgh's Armour Boutique.
  6888 | D:8      | Found a white marble altar of Elyvilon.
  7046 | D:8      | Found a broken altar of Ashenzari.
  7047 | D:8      | Found a hide-covered altar of Uskayaw.
  7082 | D:8      | Found an ornate altar of the Wu Jian Council.
  7246 | D:8      | Found a glowing silver altar of Zin.
  7362 | D:9      | Noticed a centaur warrior
  7381 | D:9      | Killed a centaur warrior
  7382 | D:9      | Reached skill level 13 in Axes
  7393 | D:9      | Reached skill level 10 in Armour
  7523 | D:9      | Found an opulent altar of Gozag.
  7731 | D:9      | Identified the +4 quarterstaff "Jellybane" {heavy, rElec
                  | Str+4 Int-5}
  7895 | D:9      | Reached XP level 11. HP: 65/95 MP: 10/10
  8252 | D:10     | Entered Level 10 of the Dungeon
  8299 | D:10     | Found a flagged portal.
  8407 | Bailey   | Entered a bailey
  8539 | Bailey   | Reached skill level 1 in Invocations
  8653 | Bailey   | Noticed an orc knight
  8675 | Bailey   | Killed an orc knight
  8676 | Bailey   | Reached skill level 14 in Axes
  8985 | Bailey   | Found an iron altar of Okawaru.
  8988 | Bailey   | Noticed a soul eater
  9413 | D:10     | Found a staircase to the Lair.
  9661 | D:10     | Acquired 1068 gold pieces
  9665 | D:10     | Acquired the +0 hat of Thoughtfulness {+Inv rF+}
  9753 | Lair:1   | Entered Level 1 of the Lair of Beasts
  9762 | Lair:1   | Found a bloodstained altar of Trog.
  9772 | Lair:1   | Reached ***** piety under Okawaru
  9951 | Lair:1   | Noticed Fannar
  9964 | Lair:1   | Reached skill level 10 in Fighting
  9964 | Lair:1   | Killed Fannar
  9965 | Lair:1   | Reached skill level 15 in Axes
 10237 | Lair:1   | Reached skill level 1 in Stealth
 10268 | Lair:1   | Reached XP level 12. HP: 90/106 MP: 12/12
 10388 | Lair:1   | Noticed Maggie
 10401 | Lair:1   | Killed Maggie
 10433 | Lair:1   | Noticed Prince Ribbit
 10445 | Lair:1   | Reached skill level 16 in Axes
 10446 | Lair:1   | Killed Prince Ribbit
 10548 | Lair:1   | Received a gift from Okawaru
 11220 | Lair:2   | Found a staircase to the Shoals.
 12137 | Lair:3   | Reached skill level 5 in Dodging
 12146 | Lair:3   | Noticed a seven-headed hydra
 12166 | Lair:3   | Killed a 17-headed hydra
 12412 | Lair:3   | Got Sif Muna's Incunabulum of Frore Immolation
 12455 | Lair:3   | Identified the +7 spear of Turmoil {holy, Dex+3}
 12493 | Lair:3   | Received a gift from Okawaru
 12525 | Lair:3   | Identified the +3 long sword "Voel Fyu" {vamp, Int+6}
 12535 | Lair:3   | Found a hole to the Spider Nest.
 12791 | Lair:3   | Noticed Gastronok
 12796 | Lair:3   | Reached skill level 17 in Axes
 12810 | Lair:3   | Killed Gastronok
 12810 | Lair:3   | Identified the +2 ring mail "Ykefujeu" {rC- Regen+ Dex+3}
                  | (Okawaru gifted it to you on level 3 of the Lair of Beasts)
 12810 | Lair:3   | Received a gift from Okawaru
 13236 | Lair:3   | Noticed a five-headed hydra
 13250 | Lair:3   | Killed a 12-headed hydra
 13953 | Lair:4   | Reached XP level 13. HP: 99/117 MP: 13/13
 14066 | Lair:4   | Found a transporter.
 14467 | Lair:4   | Noticed Snorg
 14476 | Lair:4   | Killed Snorg
 14477 | Lair:4   | Reached skill level 1 in Evocations
 14735 | Lair:4   | Found a transporter.
 15015 | Lair:5   | Entered Level 5 of the Lair of Beasts
 15343 | Lair:5   | Received a gift from Okawaru
 15393 | Lair:5   | HP: 1/119 [17-headed hydra (8)]
 15393 | Lair:5   | Slain by a 17-headed hydra

Illustrated notes

Levels and vault maps discovered:
D:1:      wander_arrival_estate, layout_basic,
          ebering_ecumenical_altar_sacrificial
D:2:      layout_loops_cross
D:3:      layout_rooms, dk_yredelemnul_ordeal, minmay_puff, uniq_terence
D:4:      layout_rooms, fedhas_altar_3, kennysheep_okawaru_gauntlet,
          serial_bayou_ford_a, minmay_misc_feat_roman
D:5:      minmay_polygon_palace, layout_basic, minmay_misc_feat_rows
D:6:      layout_basic, mainiacjoe_overflow_concentric_impassable, serial_shops,
          nicolae_shop_statue_plus, shop_fountains, kennysheep_mini_moat,
          minmay_guarded_unrand_staff_of_olgreb
D:7:      layout_basic, nicolae_ru_awakened_eye,
          minmay_temple_entry_sparse_star, kennysheep_pointless_box,
          minmay_misc_feat_columns, minmay_misc_feat_ornament,
          uniq_crazy_yiuf_cottage
D:8:      layout_rooms, zin_statuary, nicolae_elyvilon_peaceful_grove,
          grunt_temple_overflow_open, nicolae_wu_jian_wuxing_cycle,
          serial_shops, nicolae_shop_behind_doors
D:9:      layout_irregular_city, amcnicky_altar_gilded, minmay_misc_feat_iff,
          hangedman_decor_opposing, kb_rosetta
D:10:     layout_basic, lair_entry_dummy, enter_bailey_4
Lair:1:   layout_gridlike, basic_altar, grunt_megastairs_1, uniq_prince_ribbit2,
          uniq_maggie, uniq_fannar
Lair:2:   layout_roguey, shoals_dummy_entry, lemuel_fruit_fields,
          serial_bayou_shore_b, serial_bayou_shore_a
Lair:3:   layout_big_grid, hellmonk_spider_entry_life_and_decay,
          chequers_serial_rivers_marsh, grunt_megastairs_3, uniq_gastronok
Lair:4:   gammafunk_cloud_chamber, layout_cave_pods, uniq_snorg
Lair:5:   grunt_lair_end_beastmaster, layout_regular_city,
          nicolae_slime_entry_field_trip, uniq_nessos

Skill      XL: |  1  2  3  4  5  6  7  8  9 10 11 12 13 |
---------------+----------------------------------------+-----
Armour         | 4 5 6 8 9 10 11 12 13 | 13.8
Fighting       | 4 5 6 8 10 11 12 | 12.5
Shields        | 4 5 6 7 8 9 |  9.5
Axes           | 3 4 5 6 8 10 12 13 15 17 | 17.6
Dodging        | 1 2 3 4 5 |  5.6
Throwing       | 1 2 |  2.5
Invocations    | 1 2 |  2.5
Stealth        | 1 2 |  2.5
Evocations     | 1 |  1.0

Action                     |  1- 3 |  4- 6 |  7- 9 | 10-12 | 13-15 || total
---------------------------+-------+-------+-------+-------+-------++-------
  Melee: War axe           |    61 |   142 |   195 |   578 |   145 ||  1121
         Headbutt          |     7 |    32 |    45 |   102 |    42 ||   228
  Throw: Dart              |       |     9 |     1 |       |       ||    10
         Stone             |       |     2 |       |       |       ||     2
         Boomerang         |       |       |    12 |     4 |     3 ||    19
 Invoke: Heroism           |       |       |     4 |    12 |     4 ||    20
  Evoke: Wand              |       |       |     2 |     9 |     1 ||    12
    Use: Scroll            |       |    11 |     2 |    17 |     1 ||    31
         Potion            |       |       |       |     2 |       ||     2
   Stab: Invisible         |       |       |     1 |     1 |       ||     2
 Armour: Scale mail        |    34 |    23 |       |       |       ||    57
         Chain mail        |       |    64 |    98 |   398 |   143 ||   703
  Dodge: Dodged            |    30 |    61 |    62 |   251 |    85 ||   489
  Block: Buckler           |    12 |    27 |    43 |   134 |    41 ||   257

Table legend: (Time is in decaauts)
 A = Elapsed time spent in this place.
 B = Non-inter-level travel time spent in this place.
 C = Inter-level travel time spent in this place.
 D = Time resting spent in this place.
 E = Time spent auto-exploring this place.
 F = Levels seen in this place.
 G = Mean time per level.
                   A        B        C        D        E       F      G
               +--------+--------+--------+--------+--------+-----+--------+
         Total |  15359 |  14855 |    504 |    495 |  11155 |  16 |  959.9 |
       Dungeon |   9029 |   8669 |    360 |    381 |   6249 |  10 |  902.9 |
          Lair |   5520 |   5376 |    144 |      0 |   4649 |   5 | 1104.0 |
        Bailey |    809 |    809 |      0 |    114 |    257 |   1 |  809.0 |
               +--------+--------+--------+--------+--------+-----+--------+

Top non-repeatable levels by time:
  Lair:3: 1663 daAuts
     D:5: 1462 daAuts
  Lair:1: 1238 daAuts
  Lair:4: 1224 daAuts
     D:6: 1170 daAuts
  Lair:2: 1038 daAuts
     D:3: 995 daAuts
     D:9: 936 daAuts
     D:4: 890 daAuts
     D:7: 819 daAuts
  Bailey: 809 daAuts
     D:1: 753 daAuts
     D:2: 744 daAuts
    D:10: 667 daAuts
     D:8: 591 daAuts
